[ AOE2 MATCH · #505723542 ]
UnrankedKhmer vs Mongols
Player's team · WIN
Rival team · LOSS
[ REPLAY ANALYSIS · EXTRACTED FROM THE RECORDED GAME ]
Feudal
7:36
Castle
21:41
Imperial
—
| APM avg | 56.8 |
| APM peak | 88 |
| eAPM avg | 25.5 |
| Villagers / military | 95 / 33 |
Focus
⚔️ 25.5% · 🌾 74.5%
Knight ×16 · Skirmisher ×8 · Scout Cavalry ×6 · Monk ×3 · Trade Cart ×1
Feudal
7:42
Castle
27:21
Imperial
—
| APM avg | 69.8 |
| APM peak | 123 |
| eAPM avg | 33.2 |
| Villagers / military | 115 / 56 |
Focus
⚔️ 59.2% · 🌾 40.8%
Knight ×12 · Spearman ×12 · Archer ×11 · Scout Cavalry ×10 · Militia ×5 · Camel Scout ×5
Match map
Initial resources + every placement click. Lines = walls · curves = elevation contours. ◆ gold · ⬟ stone · ● berries · ✦ relic · ◌ wall gap
Your base· Open — opponent sealed themselves in
DS_Gabo's base· ✓ Closed at 27:21 · 13t walls · no gate
Smoothed initial terrain · ◌ = detected wall gap · hover for details
Inputs per minute
— Mattroid 99 - - DS_Gabo
Build order — Mattroid 99
First 150 of 211 actions detected
| 0:01 | Queue | Villager (Male) |
| 0:02 | Build | House |
| 0:02 | Queue | Villager (Male) ×3 |
| 0:02 | Queue | Villager (Male) |
| 0:03 | Build | House |
| 1:34 | Queue | Villager (Male) |
| 1:34 | Queue | Villager (Male) |
| 1:34 | Queue | Villager (Male) |
| 1:53 | Queue | Villager (Male) |
| 1:54 | Queue | Villager (Male) |
| 2:24 | Queue | Villager (Male) |
| 2:24 | Queue | Villager (Male) |
| 2:25 | Queue | Villager (Male) |
| 2:25 | Queue | Villager (Male) |
| 3:14 | Queue | Villager (Male) |
| 3:14 | Queue | Villager (Male) |
| 3:15 | Queue | Villager (Male) |
| 3:49 | Queue | Villager (Male) |
| 3:49 | Queue | Villager (Male) |
| 3:52 | Build | House |
| 3:53 | Build | House |
| 4:09 | Queue | Villager (Male) |
| 4:09 | Queue | Villager (Male) |
| 4:09 | Queue | Villager (Male) |
| 4:16 | Queue | Villager (Male) |
| 4:55 | Build | Lumber Camp |
| 5:26 | Research | Feudal Age |
| 7:00 | Build | Barracks |
| 7:33 | Queue | Villager (Male) |
| 7:36 | Age | Feudal Age |
| 7:38 | Build | Stable |
| 7:41 | Research | Double-Bit Axe |
| 7:59 | Queue | Villager (Male) |
| 8:23 | Build | House |
| 8:24 | Queue | Scout Cavalry |
| 8:24 | Queue | Scout Cavalry |
| 8:25 | Queue | Scout Cavalry |
| 8:29 | Queue | Villager (Male) |
| 8:30 | Queue | Villager (Male) |
| 8:34 | Build | Farm |
| 8:36 | Build | Farm |
| 8:49 | Build | Farm |
| 9:06 | Queue | Scout Cavalry |
| 9:10 | Build | Farm |
| 9:16 | Build | Farm |
| 9:21 | Queue | Villager (Male) |
| 9:44 | Queue | Villager (Male) |
| 10:08 | Queue | Scout Cavalry |
| 10:12 | Build | Archery Range |
| 10:25 | Queue | Villager (Male) |
| 10:26 | Queue | Villager (Male) |
| 10:31 | Build | Farm |
| 11:00 | Build | Archery Range |
| 11:02 | Queue | Villager (Male) |
| 11:12 | Queue | Scout Cavalry |
| 11:26 | Build | Farm |
| 11:34 | Build | House |
| 11:40 | Queue | Villager (Male) |
| 11:40 | Queue | Villager (Male) |
| 11:47 | Build | House |
| 11:51 | Build | House |
| 12:05 | Research | Loom |
| 12:10 | Queue | Skirmisher |
| 12:10 | Queue | Skirmisher |
| 12:12 | Queue | Villager (Male) |
| 12:13 | Queue | Villager (Male) |
| 12:18 | Build | House |
| 12:28 | Build | House |
| 12:30 | Build | Blacksmith |
| 12:34 | Build | Farm |
| 12:55 | Queue | Villager (Male) |
| 12:56 | Queue | Skirmisher |
| 13:04 | Queue | Villager (Male) |
| 13:13 | Queue | Skirmisher |
| 13:17 | Queue | Villager (Male) |
| 13:22 | Build | House |
| 13:36 | Queue | Skirmisher |
| 13:41 | Research | Fletching |
| 13:43 | Build | Farm |
| 13:46 | Build | Farm |
| 14:41 | Queue | Villager (Male) |
| 14:47 | Queue | Skirmisher |
| 14:48 | Queue | Villager (Male) |
| 14:56 | Queue | Skirmisher |
| 15:08 | Queue | Villager (Male) |
| 15:22 | Queue | Villager (Male) |
| 15:39 | Build | Stable |
| 15:43 | Queue | Villager (Male) |
| 15:44 | Queue | Skirmisher |
| 16:00 | Queue | Villager (Male) |
| 16:01 | Build | Farm |
| 16:06 | Build | Mining Camp |
| 16:28 | Build | Watch Tower |
| 16:30 | Queue | Villager (Male) |
| 16:33 | Build | Farm |
| 16:45 | Build | Farm |
| 16:57 | Build | House |
| 16:58 | Build | House |
| 17:31 | Build | Market |
| 17:40 | Queue | Villager (Male) |
| 18:05 | Build | Mill |
| 18:32 | Build | Stable |
| 18:47 | Build | Farm |
| 19:01 | Research | Castle Age |
| 19:29 | Research | Horse Collar |
| 19:31 | Build | Farm |
| 19:53 | Research | Bloodlines |
| 20:15 | Research | Gold Mining |
| 20:20 | Build | Farm |
| 20:41 | Build | House |
| 20:45 | Research | Scale Barding Armor |
| 21:41 | Age | Castle Age |
| 21:45 | Queue | Knight |
| 21:46 | Queue | Knight |
| 21:46 | Queue | Villager (Male) |
| 22:21 | Queue | Knight |
| 22:21 | Queue | Knight |
| 22:47 | Queue | Villager (Male) |
| 22:53 | Build | Town Center |
| 22:55 | Queue | Villager (Male) |
| 22:55 | Queue | Villager (Male) |
| 23:15 | Queue | Knight |
| 23:18 | Research | Husbandry |
| 23:37 | Research | Bow Saw |
| 23:52 | Queue | Villager (Male) |
| 23:52 | Queue | Villager (Male) |
| 23:59 | Queue | Knight |
| 23:59 | Queue | Knight |
| 24:06 | Queue | Villager (Male) |
| 24:22 | Queue | Villager (Male) |
| 24:37 | Queue | Villager (Male) |
| 24:40 | Queue | Villager (Male) |
| 24:40 | Queue | Villager (Male) |
| 24:51 | Queue | Villager (Male) |
| 25:01 | Build | Farm |
| 25:08 | Queue | Villager (Male) |
| 25:16 | Build | Town Center |
| 25:18 | Queue | Villager (Male) |
| 25:21 | Queue | Knight |
| 25:23 | Queue | Villager (Male) |
| 25:27 | Build | Farm |
| 25:29 | Build | Farm |
| 25:32 | Queue | Villager (Male) |
| 25:51 | Queue | Knight |
| 25:52 | Queue | Knight |
| 25:53 | Queue | Knight |
| 26:01 | Build | Farm |
| 26:03 | Build | Farm |
| 26:06 | Queue | Villager (Male) |
| 26:23 | Build | Monastery |
Build order — DS_Gabo
First 150 of 219 actions detected
| 0:00 | Queue | Villager (Male) |
| 0:00 | Queue | Villager (Male) ×3 |
| 0:01 | Queue | Villager (Male) ×3 |
| 0:02 | Build | House |
| 0:02 | Build | House |
| 1:09 | Queue | Villager (Male) |
| 1:31 | Queue | Villager (Male) |
| 1:45 | Queue | Villager (Male) |
| 1:51 | Build | Lumber Camp |
| 2:11 | Queue | Villager (Male) ×2 |
| 2:38 | Queue | Villager (Male) |
| 2:46 | Queue | Villager (Male) |
| 3:02 | Queue | Villager (Male) |
| 3:15 | Queue | Villager (Male) |
| 3:31 | Queue | Villager (Male) |
| 3:50 | Build | House |
| 3:57 | Queue | Villager (Male) |
| 4:29 | Build | Barracks |
| 4:37 | Queue | Villager (Male) |
| 4:37 | Queue | Villager (Male) |
| 5:02 | Queue | Villager (Male) |
| 5:02 | Queue | Villager (Male) ×2 |
| 5:04 | Build | House |
| 5:09 | Build | House |
| 5:11 | Queue | Villager (Male) |
| 5:14 | Queue | Villager (Male) |
| 5:15 | Queue | Villager (Male) |
| 5:32 | Research | Feudal Age |
| 5:43 | Queue | Militia |
| 5:53 | Queue | Militia |
| 6:20 | Queue | Militia ×2 |
| 6:23 | Build | Mining Camp |
| 7:26 | Build | Palisade Wall |
| 7:27 | Build | Palisade Wall |
| 7:29 | Build | Palisade Wall |
| 7:42 | Age | Feudal Age |
| 7:42 | Research | Loom |
| 7:43 | Queue | Villager (Male) |
| 7:56 | Research | Man-at-Arms (upgrade) |
| 7:59 | Queue | Villager (Male) |
| 7:59 | Queue | Villager (Male) ×2 |
| 8:00 | Queue | Villager (Male) ×2 |
| 8:18 | Build | Archery Range |
| 8:26 | Queue | Villager (Male) |
| 8:41 | Research | Loom |
| 8:46 | Build | Watch Tower |
| 8:47 | Queue | Villager (Male) |
| 8:47 | Queue | Villager (Male) |
| 8:57 | Build | House |
| 9:08 | Queue | Villager (Male) |
| 9:22 | Build | House |
| 9:23 | Build | Palisade Wall |
| 9:24 | Build | Palisade Wall |
| 9:33 | Queue | Archer |
| 9:42 | Queue | Villager (Male) |
| 10:28 | Build | Palisade Wall |
| 10:29 | Build | Palisade Wall |
| 10:37 | Queue | Villager (Male) |
| 10:41 | Queue | Archer |
| 11:04 | Queue | Spearman |
| 11:21 | Queue | Villager (Male) |
| 11:33 | Build | Lumber Camp |
| 11:45 | Build | Outpost |
| 11:49 | Queue | Villager (Male) |
| 12:02 | Queue | Spearman |
| 12:11 | Build | Mill |
| 12:23 | Queue | Villager (Male) |
| 12:56 | Queue | Villager (Male) |
| 13:26 | Build | Farm |
| 13:26 | Build | Farm |
| 13:26 | Build | Farm |
| 13:26 | Build | Farm |
| 13:27 | Build | Farm |
| 13:27 | Build | Farm |
| 13:27 | Build | Farm |
| 13:35 | Queue | Villager (Male) |
| 13:35 | Queue | Villager (Male) |
| 13:51 | Queue | Archer |
| 13:51 | Queue | Archer |
| 13:54 | Build | House |
| 13:56 | Queue | Villager (Male) |
| 14:36 | Queue | Villager (Male) ×2 |
| 14:44 | Build | Farm |
| 14:50 | Build | Farm |
| 15:00 | Queue | Villager (Male) |
| 15:11 | Queue | Villager (Male) |
| 15:36 | Build | Mining Camp |
| 15:37 | Queue | Villager (Male) ×2 |
| 15:45 | Research | Double-Bit Axe |
| 15:49 | Queue | Villager (Male) |
| 15:49 | Queue | Villager (Male) |
| 16:00 | Build | House |
| 16:05 | Build | Stone Wall |
| 16:09 | Queue | Villager (Male) ×2 |
| 16:17 | Build | House |
| 16:18 | Queue | Archer |
| 16:19 | Queue | Villager (Male) |
| 16:21 | Queue | Militia |
| 16:22 | Queue | Villager (Male) |
| 16:29 | Build | Blacksmith |
| 16:32 | Queue | Villager (Male) |
| 16:43 | Build | Stable |
| 16:45 | Queue | Villager (Male) ×2 |
| 16:49 | Research | Wheelbarrow |
| 16:55 | Build | Farm |
| 16:55 | Build | Farm |
| 16:58 | Build | Farm |
| 17:10 | Research | Horse Collar |
| 17:18 | Queue | Archer |
| 17:18 | Queue | Archer |
| 17:20 | Queue | Villager (Male) |
| 17:34 | Queue | Villager (Male) |
| 17:35 | Queue | Villager (Male) |
| 18:02 | Build | House |
| 18:03 | Build | House |
| 18:05 | Research | Fletching |
| 18:07 | Queue | Scout Cavalry |
| 18:07 | Queue | Scout Cavalry |
| 18:08 | Queue | Scout Cavalry |
| 18:16 | Queue | Skirmisher |
| 18:19 | Build | House |
| 18:35 | Queue | Villager (Male) |
| 18:43 | Queue | Scout Cavalry |
| 18:43 | Queue | Scout Cavalry |
| 18:59 | Queue | Villager (Male) |
| 19:08 | Build | Mining Camp |
| 19:22 | Queue | Villager (Male) ×3 |
| 19:23 | Queue | Villager (Male) |
| 19:35 | Queue | Scout Cavalry |
| 19:36 | Queue | Villager (Male) |
| 19:45 | Queue | Scout Cavalry |
| 20:04 | Queue | Scout Cavalry |
| 20:24 | Queue | Villager (Male) ×2 |
| 20:35 | Build | Lumber Camp |
| 20:36 | Build | Farm |
| 20:37 | Build | Farm |
| 20:37 | Build | Farm |
| 20:37 | Build | Farm |
| 20:37 | Build | Farm |
| 20:43 | Research | Scale Barding Armor |
| 20:49 | Queue | Archer ×2 |
| 21:00 | Queue | Villager (Male) |
| 21:02 | Queue | Villager (Male) |
| 21:12 | Build | Watch Tower |
| 21:25 | Build | Farm |
| 21:27 | Queue | Scout Cavalry |
| 21:32 | Build | Watch Tower |
| 21:33 | Queue | Archer |
| 21:37 | Queue | Villager (Male) ×2 |
| 21:42 | Queue | Villager (Male) |
Match timeline
| 4:29 | DS_Gabo · first_building Barracks |
| 7:00 | Mattroid 99 · first_building Barracks |
| 7:26 | DS_Gabo · wall_segment Palisade Wall x1 |
| 7:27 | DS_Gabo · wall_segment Palisade Wall x1 |
| 7:29 | DS_Gabo · wall_segment Palisade Wall x1 |
| 7:36 | Mattroid 99 · age_up feudal |
| 7:38 | Mattroid 99 · first_building Stable |
| 7:42 | DS_Gabo · age_up feudal |
| 8:18 | DS_Gabo · first_building Archery Range |
| 9:23 | DS_Gabo · wall_segment Palisade Wall x3 |
| 9:24 | DS_Gabo · wall_segment Palisade Wall x3 |
| 10:12 | Mattroid 99 · first_building Archery Range |
| 10:28 | DS_Gabo · wall_segment Palisade Wall x2 |
| 10:29 | DS_Gabo · wall_segment Palisade Wall x1 |
| 16:05 | DS_Gabo · wall_segment Stone Wall x1 |
| 16:43 | DS_Gabo · first_building Stable |
| 18:43 | Mattroid 99 · first_market_sell 100 food |
| 21:41 | Mattroid 99 · age_up castle |
| 22:50 | Mattroid 99 · first_market_buy 100 stone |
| 24:40 | DS_Gabo · first_market_sell 100 stone |
| 26:23 | Mattroid 99 · first_building Monastery |
| 27:21 | DS_Gabo · age_up castle |
| 29:40 | DS_Gabo · first_building Castle |
| 31:08 | DS_Gabo · resign |
[ AI ANALYSIS · 1 CREDIT ]
What really happened in this match?
Wolo.gg analyzes every decision: build order, eco, micro, common mistakes by bracket. Personalized analysis on WhatsApp or Discord in 30 seconds.
Civ guide
Khmer
Perfil
Mattroid 99